 Dungeon Crawl Stone Soup version 0.18.1-48-g4cf74bf (webtiles) character file.

5441 juanjsm the Thaumaturge (level 10, -1/56 HPs)
             Began as a Gargoyle Earth Elementalist on July 19, 2016.
             Was a Priest of Vehumet.
             Slain by a minotaur
             ... wielding a +2 iron rod (2/14)
              (10 damage)
             ... in a labyrinth.
             The game lasted 01:19:47 (9664 turns).

juanjsm the Thaumaturge (GrEE)                      Turns: 9664, Time: 01:19:47

Health: -1/56      AC: 16    Str: 13    XL:     10   Next: 68%
Magic:  10/22      EV: 13    Int: 21    God:    Vehumet [***...]
Gold:   322        SH:  0    Dex: 10    Spells: 3 memorised, 17 levels left

rFire  . . .     SeeInvis .     F - +1 flail (venom)
rCold  . . .     Gourm    .     a - +0 robe
rNeg   + . .     Faith    .     (no shield)
rPois  ∞         Spirit   .     S - +0 helmet
rElec  +         Dismiss  .     Z - +2 cloak
rCorr  .         Reflect  .     n - +0 pair of gloves
SustAt .         Harm     .     P - +0 pair of boots
MR     +....                    M - amulet of magic regeneration
Stlth  ++........               E - +3 ring of intelligence
                                m - ring of protection from magic

@: flying, very slightly contaminated, somewhat resistant to hostile
enchantments, unstealthy
A: big wings, negative energy resistance 1, electricity resistance, wild magic
1, unbreathing, petrification resistance, rot immunity, AC +7
a: Stop Flying, Renounce Religion


You were in a labyrinth.
You worshipped Vehumet.
Vehumet was most pleased with you.
You were not hungry.

You visited 3 branches of the dungeon, and saw 11 of its levels.
You also visited: Labyrinth.

You collected 565 gold pieces.
You spent 243 gold pieces at shops.

Inventory:

Hand Weapons
 F - a +1 flail of venom (weapon)
Missiles
 b - 222 stones (quivered)
Armour
 a - a +0 robe (worn)
 h - a +0 buckler
 n - a +0 pair of gloves (worn)
 P - a +0 pair of boots (worn)
 S - a +0 helmet (worn)
 Z - a +2 cloak (worn)
Jewellery
 g - an uncursed ring of magical power {unknown}
 j - an uncursed ring of see invisible
 m - a ring of protection from magic (left hand)
 E - a +3 ring of intelligence (right hand)
 M - an amulet of magic regeneration (around neck)
Wands
 K - a wand of acid (11/15)
 L - a wand of iceblast (4/15)
 O - a wand of teleportation (0/9)
Scrolls
 e - 7 scrolls of remove curse
 i - a scroll of recharging {unknown}
 l - 2 scrolls of teleportation {unknown}
 r - 7 scrolls of noise
 s - a scroll of fog {unknown}
 v - a scroll of blinking {unknown}
 w - 2 scrolls of random uselessness {unknown}
 B - a scroll of enchant weapon {unknown}
 J - a scroll of torment {unknown}
 Q - 2 scrolls of immolation {unknown}
 R - 4 scrolls of identify
 Y - a scroll of amnesia {unknown}
Potions
 k - a potion of might
 u - a potion of curing
 z - 2 potions of flight
 A - 2 potions of brilliance
 D - a potion of heal wounds
 X - a potion of cure mutation
Books
 c - a book of Geomancy

   Spells                             Type                      Level
   a - Sandblast                      Earth                        1
   b - Passwall                       Transmutation/Earth          2
   c - Stone Arrow                    Conjuration/Earth            3
   d - Petrify                        Transmutation/Earth          4
   e - Lee's Rapid Deconstruction     Earth                        5
 p - a book of Power

   Spells                             Type                      Level
   a - Fulminant Prism                Conjuration/Hexes            4
   b - Iskenderun's Mystic Blast      Conjuration                  4
   c - Venom Bolt                     Conjuration/Poison           5
   d - Bolt of Magma                  Conjuration/Fire/Earth       5
   e - Iron Shot                      Conjuration/Earth            6
   f - Orb of Destruction             Conjuration                  7
   g - Spellforged Servitor           Conjuration/Summoning        7
Comestibles
 d - 3 bread rations
 f - a beef jerky
 x - 4 meat rations
 N - 4 royal jellies


   Skills:
 + Level 4.1 Fighting
   Level 3.8 Short Blades
 + Level 4.8 Armour
 + Level 3.6 Dodging
 - Level 2.1 Stealth
 + Level 0.4 Shields
 * Level 8.7 Spellcasting
 + Level 5.2 Conjurations
   Level 0.7 Transmutations
 + Level 8.6 Earth Magic
 + Level 3.5 Evocations


You had 17 spell levels left.
You knew the following spells:

 Your Spells              Type           Power        Failure   Level  Hunger
a - Sandblast             Erth           ######       1%          1    None
b - Stone Arrow           Conj/Erth      #####.       1%          3    None
c - Lee's Rapid Deconstr  Erth           ######....   3%          5    #####..


Dungeon Overview and Level Annotations

Branches:
Dungeon (8/15)             Temple (1/1) D:5            Lair (2/8) D:8

Altars:
Ashenzari
Cheibriados
Dithmenos
Elyvilon
Fedhas
Gozag
Kikubaaqudgha
Makhleb
Nemelex Xobeh
Okawaru
Pakellas
Qazlal
Ru
Sif Muna
Trog
Vehumet
Xom
Yredelemnul
Zin
The Shining One

Shops:
D:5 (   D:7 *


Innate Abilities, Weirdness & Mutations

You are resistant to torment.
Your stone body is resilient (AC +7).
You are immune to poison.
You resist negative energy.
You are resistant to electric shocks.
You can survive without breathing.
You are immune to petrification.
You are immune to rotting.
Your large and strong wings let you fly indefinitely.
Your spells are a little harder to cast, but a little more powerful.


Message History

The minotaur zaps a rod.
The burst of metal fragments hits you!
The burst of metal fragments misses you. x6
Casting: Stone Arrow
Confirm with . or Enter, or press ? or * to list all spells.
Aiming: Stone Arrow
Press: ? - help, Shift-Dir - straight line, f/p - minotaur
Aim: a minotaur, wielding an iron rod (heavily wounded)
The stone arrow misses the minotaur.
The minotaur hits you but does no damage.
The minotaur gores you!
The minotaur hits you with an iron rod!!
* * * LOW HITPOINT WARNING * * *
The minotaur misses you.
Drink which item? (? for menu, Esc to quit)
You feel much better. The minotaur hits you with an iron rod!
* * * LOW HITPOINT WARNING * * *
The minotaur gores you.
* * * LOW HITPOINT WARNING * * *
The minotaur hits you with an iron rod!
You die...

#.#.# # .#.###
#...... #
#.#### .# #####
# #...#..
......# #. #
##.#.### # # .<
#.# #.#####.#
### #.H@..#.#.
... ###......#
#.....####....#
#.###.#..#.##.#
...#..#..# ..
#.#.####..# ##
.#...#..... #
###.#.###.#
....# .#


You could see a minotaur.

Vanquished Creatures
  Maurice (D:8)
  A rime drake (Lair:2)
  Grinder (D:6)
  2 redbacks (Lab)
  A steam dragon (D:8)
  A water moccasin (D:6)
  4 orc warriors
  A black bear (D:6)
  A phantom (D:4)
  6 ogres
  5 necrophages (D:8)
  4 centaurs
  A big kobold (D:6)
  A giant frog (D:6)
  3 scorpions
  7 wights (D:8)
  5 howler monkeys
  3 crimson imps (D:5)
  4 giant frog zombies
  A centaur zombie (D:7)
  6 orc priests
  A giant frog skeleton (D:5)
  A jelly (D:6)
  4 hounds
  9 orc wizards
  4 iguanas
  A gnoll shaman (D:5)
  9 worker ants
  A killer bee zombie (D:5)
  A mummy (D:8)
  A worker ant zombie (D:8)
  A howler monkey skeleton (D:4)
  11 adders
  3 gnolls (D:5)
  3 oozes
  7 worms
  A dart slug (D:1)
  9 giant geckos
  33 orcs
  3 ball pythons
  6 bats
  6 giant cockroaches
  7 goblins
  14 hobgoblins
  8 jackals (D:3)
  10 kobolds
  7 quokkas
  A giant gecko skeleton (D:5)
  6 giant newts
  A quokka zombie (D:8)
  9 rats
237 creatures vanquished.

Notes
Turn   | Place    | Note
--------------------------------------------------------------
     0 | D:1      | juanjsm the Gargoyle Earth Elementalist began the quest for the Orb.
     0 | D:1      | Reached XP level 1. HP: 10/10 MP: 3/3
   391 | D:1      | Reached XP level 2. HP: 11/15 MP: 0/5
  1003 | D:1      | Reached XP level 3. HP: 19/19 MP: 2/7
  1089 | D:1      | Learned a level 3 spell: Stone Arrow
  1370 | D:2      | Found a burning altar of Makhleb.
  1428 | D:2      | Reached XP level 4. HP: 21/24 MP: 1/8
  1982 | D:3      | HP: 1/24 [jackal (3)]
  2360 | D:3      | Noticed a moth of wrath
  2392 | D:3      | Reached XP level 5. HP: 26/28 MP: 3/11
  2440 | D:3      | Found a glowing golden altar of the Shining One.
  2463 | D:3      | Found a bloodstained altar of Trog.
  2630 | D:3      | Reached skill level 5 in Earth Magic
  3172 | D:4      | Reached XP level 6. HP: 23/32 MP: 2/13
  3181 | D:4      | Learned a level 5 spell: Lee's Rapid Deconstruction
  3250 | D:4      | Reached skill level 5 in Spellcasting
  3283 | D:4      | Got a polished hunting sling
  3447 | D:4      | Found a deep blue altar of Sif Muna.
  3449 | D:4      | Found a sacrificial altar of Ru.
  3452 | D:4      | Found an ancient bone altar of Kikubaaqudgha.
  3578 | D:4      | Identified the +9 hunting sling "Ankouk" {velocity, Dex+4 Stlth+} (You found it on level 4 of the Dungeon)
  3634 | D:4      | Noticed a phantom
  3735 | D:4      | Reached XP level 7. HP: 28/36 MP: 12/15
  3855 | D:4      | Reached skill level 1 in Conjurations
  3873 | D:4      | Found a sparkling altar of Nemelex Xobeh.
  3976 | D:5      | Entered Level 5 of the Dungeon
  4678 | D:5      | Found Wuplom's Antique Weapon Shoppe.
  4820 | D:5      | Found a staircase to the Ecumenical Temple.
  4826 | Temple   | Entered the Ecumenical Temple
  4834 | Temple   | Became a worshipper of Vehumet
  5238 | D:5      | Reached XP level 8. HP: 41/41 MP: 14/17
  5404 | D:5      | Reached skill level 1 in Short Blades
  5742 | D:6      | Reached skill level 1 in Fighting
  5742 | D:6      | Reached skill level 1 in Armour
  6309 | D:6      | Noticed Grinder
  6331 | D:6      | Killed Grinder
  6331 | D:6      | Reached skill level 1 in Evocations
  6331 | D:6      | Reached XP level 9. HP: 46/48 MP: 10/19
  6465 | D:6      | Found a burning altar of Makhleb.
  6975 | D:5      | Got a twisted longbow
  7015 | D:7      | Reached * piety under Vehumet
  7015 | D:7      | Offered knowledge of Sting by Vehumet.
  7698 | D:7      | Found Yqinifiw's Assorted Antiques.
  7715 | D:7      | Reached ** piety under Vehumet
  7715 | D:7      | Offered knowledge of Freeze by Vehumet.
  7876 | D:7      | Found a shimmering altar of Xom.
  7876 | D:7      | Found an oddly glowing altar of Pakellas.
  8101 | D:8      | Reached XP level 10. HP: 56/56 MP: 14/22
  8200 | D:8      | Got an ancient plate armour
  8211 | D:8      | Identified the +1 plate armour of Loss {rElec} (You found it on level 8 of the Dungeon)
  8227 | D:8      | Gained mutation: Your large and strong wings let you fly indefinitely. [potion of mutation]
  8227 | D:8      | Gained mutation: Your spells are a little harder to cast, but a little more powerful. [potion of mutation]
  8561 | D:8      | Reached skill level 5 in Conjurations
  8586 | D:8      | Offered knowledge of Mephitic Cloud by Vehumet.
  8743 | D:8      | Reached *** piety under Vehumet
  8797 | D:8      | Noticed Maurice
  8799 | D:8      | Killed Maurice
  8827 | D:8      | Found a staircase to the Lair.
  8988 | D:7      | Bought a scroll labeled ASMOGIOKHLA for 27 gold pieces
  8988 | D:7      | Bought a scroll of identify for 54 gold pieces
  8988 | D:7      | Bought 3 scrolls of identify for 162 gold pieces
  9070 | Lair:1   | Entered Level 1 of the Lair of Beasts
  9269 | Lair:2   | Found a labyrinth entrance.
  9302 | Lab      | Entered a labyrinth
  9656 | Lab      | Noticed a minotaur
  9663 | Lab      | HP: 2/56 [minotaur/iron rod (27)]
  9664 | Lab      | Slain by a minotaur

Skill      XL: |  1  2  3  4  5  6  7  8  9 10 |
---------------+-------------------------------+-----
Earth Magic    | 4 5 6 7 8 |  8.6
Spellcasting   | 3 4 5 6 7 8 |  8.7
Conjurations   | 2 3 4 5 |  5.2
Short Blades   | 2 3 |  3.8
Fighting       | 2 3 4 |  4.1
Armour         | 2 3 4 |  4.8
Dodging        | 2 3 |  3.6
Evocations     | 1 2 3 |  3.5
Stealth        | |  2.1
Shields        | |  0.4
Transmutations | |  0.7

Action                   |  1- 3 |  4- 6 |  7- 9 | 10-12 || total
-------------------------+-------+-------+-------+-------++-------
Melee: Unarmed           |    14 |       |       |       ||    14
       Short sword       |    28 |    44 |       |       ||    72
       Flail             |       |     3 |    42 |     9 ||    54
 Cast: Sandblast         |    69 |   149 |   132 |     1 ||   351
       Stone Arrow       |       |       |   117 |    85 ||   202
       Lee's Rapid Decon |       |       |       |     2 ||     2
 Abil: Fly               |       |       |       |     1 ||     1
Evoke: Wand              |       |       |       |     1 ||     1
  Use: Potion            |       |       |     1 |     4 ||     5
       Scroll            |       |       |       |    10 ||    10
 Stab: Sleeping          |       |     1 |     1 |       ||     2
  Eat: Chunk             |     2 |     7 |    14 |     4 ||    27
       Beef jerky        |       |       |       |     1 ||     1
Armor: Robe              |    42 |    30 |    83 |    21 ||   176
       Leather armour    |       |       |     9 |       ||     9
Dodge: Dodged            |    82 |    83 |   174 |    50 ||   389
